AoeStats
← DYN_BenderGC

Arabia

510343140Analyzed
1v1 RM · 2d ago on Sep 30, 2026· 47m 2s· 2 players
Game mode
Random Map
Map size
Tiny (2 player)
Population
200
Speed
Normal
Resources
Standard
Victory
Conquest
Starting age
Dark Age
Ending age
Imperial Age
RankedLock teamsTeams togetherTeam positionsShared explorationLock speedFull tech treeHidden civsTurbo modeCheats
Victory
Defeat
🇬🇪 Burgundians · Georgia
1733
+14
🇵🇪 Bulgarians · Peru
1685
-14
DYN_BenderGC
11:58 Feudal Age
12:35 Loom
17:10 Castle Age
17:03 Double-Bit Axe
26:34 Scale Barding Armor
27:25 Horse Collar
28:48 Bow Saw
29:43 Gold Mining
29:57 Heavy Plow
33:34 Gambesons
33:15 Pikeman
36:23 Scale Mail Armor
38:13 Fletching
43:08 Chain Barding Armor
43:05 Chain Mail Armor
43:00 Forging
47:29 Imperial Age
45:22 Gambesons
45:33 Gold Mining
46:51 Iron Casting
Atilichi8821
3:10 Double-Bit Axe
4:01 Loom
10:21 Feudal Age
15:11 Horse Collar
18:28 Fletching
21:43 Castle Age
20:12 Bow Saw
20:46 Heavy Plow
21:43 Forging
22:24 Bodkin Arrow
28:01 Wheelbarrow
28:07 Wheelbarrow
36:32 Imperial Age
35:25 Scale Barding Armor
35:22 Husbandry
36:03 Hand Cart
35:47 Gold Mining
37:00 Chain Barding Armor
38:43 Iron Casting
39:05 Scale Mail Armor
40:43 Blast Furnace
40:58 Chain Mail Armor
40:47 Squires
41:23 Plate Barding Armor
40:34 Cavalier
42:09 Paladin
43:21 Plate Mail Armor
44:25 Stone Mining
Connection lost

Rejoining the realm…

Still unreachable

The connection could not be restored.

Session expired

The server has moved on; the page needs a fresh start.